 Dungeon Crawl Stone Soup version 0.19.0-2-gae57169 (webtiles) character file.

1782 Gingerlord the Chopper (level 8, -11/63 HPs)
             Began as a Demonspawn Gladiator on Nov 5, 2016.
             Was a Follower of Yredelemnul.
             Killed from afar by zxpr0jk's ghost (24 damage)
             ... with a bolt of negative energy
             ... on level 7 of the Dungeon.
             The game lasted 00:13:27 (5459 turns).

Gingerlord the Chopper (Demonspawn Gladiator)       Turns: 5459, Time: 00:13:28

Health: -11/63     AC: 13    Str: 18    XL:     8   Next: 81%
Magic:  8/8        EV:  6    Int:  9    God:    Yredelemnul [*.....]
Gold:   349        SH: 10    Dex: 14    Spells: 0 memorised, 7 levels left

rFire  . . .     SeeInvis .     B - +3 war axe
rCold  + . .     Gourm    .     h - +0 chain mail
rNeg   . . .     Faith    .     o - +2 shield
rPois  .         Spirit   .     c - +0 helmet
rElec  .         Reflect  .     A - +0 cloak
rCorr  .         Harm     .     (gloves unavailable)
MR     .....                    v - +1 pair of boots of the Lonely Stars {+Inv}
Stlth  ..........               n - amulet of rage
                                (no ring)
                                j - ring of protection from cold

@: heavily drained
A: claws 3, hooves 1, demonic guardian 1, powered by death 1
a: Animate Remains, Renounce Religion, Evoke Berserk Rage, Evoke Invisibility


You were on level 7 of the Dungeon.
You worshipped Yredelemnul.
Yredelemnul was aware of your devotion.
You were very hungry.

You visited 2 branches of the dungeon, and saw 8 of its levels.

You collected 349 gold pieces.

Inventory:

Hand Weapons
 B - a +3 war axe (weapon)
Missiles
 d - 3 throwing nets (quivered)
Armour
 c - a +0 helmet (worn)
 h - a +0 chain mail (worn)
 o - a +2 shield (worn)
 v - the +1 pair of boots of the Lonely Stars (worn) {+Inv}
   (You found it on level 5 of the Dungeon)

   It lets you turn invisible.
 A - a +0 cloak (worn)
Jewellery
 j - a ring of protection from cold (left claw)
 n - an amulet of rage (around neck)
Wands
 s - a wand of iceblast (8/15)
Scrolls
 b - a scroll of enchant weapon {unknown}
 i - a scroll of blinking {unknown}
 l - 2 scrolls of random uselessness {unknown}
 m - 2 scrolls of teleportation
 p - a scroll of amnesia {unknown}
 u - a scroll of identify
 w - a scroll of remove curse
 y - a scroll of magic mapping {unknown}
 z - 3 scrolls of enchant armour {unknown}
Potions
 a - 3 potions of beneficial mutation {unknown}
 e - a potion of resistance
 g - 5 potions of curing
 k - a potion of lignification {unknown}
 q - a potion of heal wounds {unknown}
 t - a potion of might
 x - a potion of brilliance {unknown}
 D - a potion of agility {unknown}
 E - a potion of cancellation {unknown}
Comestibles
 f - 3 bread rations
 r - 3 meat rations
 C - 4 fruits
 F - a slice of pizza


   Skills:
 + Level 5.4(3.3) Fighting
 + Level 5.5(3.4) Axes
 - Level 1.7(0.0) Throwing
 + Level 4.5(2.5) Armour
 + Level 5.3(3.2) Dodging
 + Level 4.1(2.2) Shields


You had 7 spell levels left.
You didn't know any spells.

Dungeon Overview and Level Annotations

Branches:
Dungeon (7/15)             Temple (1/1) D:5

Altars:
Ashenzari
Cheibriados
Dithmenos
Elyvilon
Fedhas
Gozag
Hepliaklqana
Nemelex Xobeh
Okawaru
Ru
Uskayaw
Xom
Yredelemnul
The Shining One
Jiyva

Annotations:
D:5 Prince Ribbit
D:7 zxpr0jk's ghost, novice DrIE


Innate Abilities, Weirdness & Mutations

You have claws for hands.
You have large cloven feet.
A weak demonic guardian rushes to your aid.
You regenerate a little health from kills.


Message History

Zxpr0jk's ghost hits you but does no damage.
Your quasit misses zxpr0jk's ghost.
Your quasit barely misses zxpr0jk's ghost.
Your quasit claws zxpr0jk's ghost but does no damage.
The orc warrior hits your white imp with a scimitar!
Your white imp dies!
Zxpr0jk's ghost breathes negative energy at you.
The bolt of negative energy hits you!
You feel drained.
* * * LOW HITPOINT WARNING * * *
Unknown command.
Your quasit disappears in a puff of smoke!
The orc wizard casts a spell.
The orc wizard seems to speed up.
Unknown command.
Unknown command.
You feel better.
Zxpr0jk's ghost breathes negative energy at you.
The bolt of negative energy hits you!
You feel drained.
You die...
Your body rises from the dead as a mindless zombie.

#.!..####....
.............
............
#/..........
#...........
..o###ยง..........
..=..o.o.........
...###)#W........
#.#<@##..(. ..#..#
.. ......#
........
........##
..#...../!
##...... #......#


You could see an orc warrior and zxpr0jk's ghost.

Vanquished Creatures
  Grinder (D:6)
  Eustachio (D:6)
  An ice beast (D:5)
  4 centaurs
  A bullfrog (D:6)
  A scorpion (D:4)
  2 howler monkeys
  3 crimson imps (D:5)
  An orc wizard (D:7)
  A jelly (D:5)
  2 bullfrog skeletons
  A bullfrog zombie (D:6)
  An orc priest (D:6)
  A centaur skeleton (D:4)
  Jessica (D:2)
  Terence (D:2)
  5 worker ants
  Robin (D:4)
  A howler monkey skeleton (D:5)
  6 adders
  A shadow imp (D:5)
  An adder skeleton (D:6)
  2 worms
  3 dart slugs
  2 leopard geckos
  10 orcs
  2 ball pythons (D:3)
  2 giant cockroaches
  10 hobgoblins
  8 jackals
  5 kobolds
  5 quokkas
  A ball python skeleton (D:4)
  10 bats
  7 frilled lizards
  17 goblins
  2 quokka zombies
  10 rats
134 creatures vanquished.

Vanquished Creatures (collateral kills)
  A sky beast (D:6)
  A black bear (D:5)
  An ogre (D:4)
  A jelly (D:6)
  A worker ant (D:4)
  A bat (D:2)
  A quokka skeleton (D:6)
7 creatures vanquished.

Grand Total: 141 creatures vanquished

Notes
Turn   | Place    | Note
-------+----------+-------------------------------------------
     0 | D:1      | Gingerlord the Demonspawn Gladiator began the quest for the Orb.
     0 | D:1      | Reached XP level 1. HP: 16/16 MP: 1/1
   146 | D:1      | Gained mutation: A weak demonic guardian rushes to your aid. [demonic ancestry]
   146 | D:1      | Reached XP level 2. HP: 12/22 MP: 2/2
   736 | D:2      | Reached skill level 1 in Armour
   836 | D:2      | Gained mutation: You have large cloven feet. [demonic ancestry]
   836 | D:2      | Reached XP level 3. HP: 25/28 MP: 3/3
   837 | D:2      | Found a hide-covered altar of Uskayaw.
   892 | D:2      | Noticed Terence
   903 | D:2      | Killed Terence
  1380 | D:2      | Noticed Jessica
  1383 | D:2      | Killed Jessica
  1383 | D:2      | Gained mutation: You have sharp fingernails. [demonic ancestry]
  1383 | D:2      | Reached XP level 4. HP: 19/34 MP: 4/4
  2061 | D:3      | Reached skill level 1 in Shields
  2061 | D:3      | Gained mutation: You regenerate a little health from kills. [demonic ancestry]
  2061 | D:3      | Reached XP level 5. HP: 37/40 MP: 5/5
  2651 | D:4      | Gained mutation: You have very sharp fingernails. [demonic ancestry]
  2651 | D:4      | Reached XP level 6. HP: 34/47 MP: 6/6
  2801 | D:4      | Noticed Robin
  2807 | D:4      | Killed Robin
  3068 | D:4      | Found a blossoming altar of Fedhas.
  3071 | D:4      | Found a shimmering altar of Xom.
  3074 | D:4      | Found a glowing golden altar of the Shining One.
  3088 | D:4      | Found a sacrificial altar of Ru.
  3330 | D:4      | Reached XP level 7. HP: 46/53 MP: 7/7
  3374 | D:5      | Entered Level 5 of the Dungeon
  3374 | D:5      | Found a staircase to the Ecumenical Temple.
  3381 | Temple   | Entered the Ecumenical Temple
  3523 | Temple   | Became a worshipper of Yredelemnul the Dark
  3782 | D:5      | Noticed Prince Ribbit
  3997 | D:5      | Got a pair of shimmering boots
  4003 | D:5      | Identified the +1 pair of boots of the Lonely Stars {+Inv} (You found it on level 5 of the Dungeon)
  4493 | D:5      | Gained mutation: You have claws for hands. [demonic ancestry]
  4493 | D:5      | Reached XP level 8. HP: 61/61 MP: 8/8
  4981 | D:6      | Noticed Eustachio
  5013 | D:6      | Killed Eustachio
  5013 | D:6      | Reached skill level 5 in Fighting
  5013 | D:6      | Reached skill level 5 in Axes
  5013 | D:6      | Reached skill level 5 in Dodging
  5171 | D:6      | Reached * piety under Yredelemnul
  5241 | D:6      | Noticed Grinder
  5241 | D:6      | Paralysed by Grinder for 3 turns
  5265 | D:6      | Killed Grinder
  5442 | D:7      | Noticed zxpr0jk's ghost (novice DrIE)
  5456 | D:7      | HP: 2/63 [zxpr0jk's ghost/bolt of negative energy (18)]
  5459 | D:7      | Killed from afar by zxpr0jk's ghost

Skill      XL: |  1  2  3  4  5  6  7  8 |
---------------+-------------------------+-----
Axes           | 3 4 5 |  5.5
Armour         | 1 2 3 4 |  4.5
Dodging        | 3 4 5 |  5.3
Shields        | 1 2 3 4 |  4.1
Fighting       | 3 4 5 |  5.4
Throwing       | |  1.7

Action                   |  1- 3 |  4- 6 |  7- 9 || total
-------------------------+-------+-------+-------++-------
Melee: War axe           |   123 |   254 |   237 ||   614
       Kick              |    10 |    60 |    23 ||    93
  Use: Scroll            |       |     5 |     1 ||     6
       Potion            |       |       |     1 ||     1
 Stab: Distracted        |       |       |     2 ||     2
  Eat: Chunk             |     1 |     7 |     4 ||    12
       Royal jelly       |       |       |     1 ||     1
       Fruit             |       |       |     1 ||     1
Armor: Leather armour    |    12 |       |       ||    12
       Chain mail        |    48 |   164 |   101 ||   313
Dodge: Dodged            |    56 |    66 |    49 ||   171
Block: Shield            |    23 |   160 |   119 ||   302
